 Dungeon Crawl Stone Soup version 0.27-a0-103-g6cd7b45605 (webtiles) character file.

Game seed: 14658232675418113716

4073 vurker the Fighter (level 10, -3/95 HPs)
             Began as a Minotaur Transmuter on Jan 22, 2021.
             Was an Initiate of Gozag.
             Slain by a two-headed ogre
             ... wielding a +0 giant spiked club
              (14 damage)
             ... on level 9 of the Dungeon.
             The game lasted 00:15:07 (10587 turns).

vurker the Fighter (Minotaur Transmuter)           Turns: 10587, Time: 00:15:07

Health: -3/95      AC: 18    Str: 18    XL:     10   Next: 5%
Magic:  11/11      EV:  2    Int: 10    God:    Gozag
Gold:   847        SH: 16    Dex: 11    Spells: 11/11 levels left

rFire    + . .     SeeInvis .   f - +1 flail (protect)
rCold    . . .     Faith    .   l - +0 tower shield
rNeg     . . .     Spirit   .   k - +0 plate armour
rPois    .         Reflect  .   (helmet restricted)
rElec    .         Harm     .   v - +0 cloak
rCorr    .         Rampage  .   (no gloves)
Will     +....                  (no boots)
Stlth    ..........             (no amulet)
HPRegen  0.25/turn              n - ring of willpower
MPRegen  0.12/turn              q - ring of protection from fire

@: protection aura
A: retaliatory headbutt, horns 2
a: Renounce Religion, Potion Petition, Call Merchant, Bribe Branch


You were on level 9 of the Dungeon.
You worshipped Gozag.
Gozag was pleased with you.
You visited 2 branches of the dungeon, and saw 10 of its levels.

You collected 924 gold pieces.
You paid 77 gold pieces to Gozag.

Inventory:

Hand Weapons
 f - a +1 flail of protection (weapon)
   (You found it on level 5 of the Dungeon)
 p - a +2 long sword of flaming
   (You found it on level 3 of the Dungeon)
Missiles
 o - 18 poisoned darts (quivered)
Armour
 k - a +0 plate armour (worn)
   (You took it off a goblin on level 2 of the Dungeon)
 l - a +0 tower shield (worn)
   (You found it on level 2 of the Dungeon)
 v - a +0 cloak (worn)
   (You found it on level 8 of the Dungeon)
Jewellery
 m - an uncursed ring of positive energy
   (You found it on level 4 of the Dungeon)
 n - a ring of willpower (left hand)
   (You found it on level 4 of the Dungeon)
 q - a ring of protection from fire (right hand)
   (You found it on level 5 of the Dungeon)
 u - an uncursed ring of magical power
   (You found it on level 7 of the Dungeon)
Wands
 t - a wand of flame (23)
   (You found it on level 5 of the Dungeon)
Scrolls
 e - 3 scrolls of amnesia
 g - 2 scrolls of remove curse
 j - 6 scrolls of teleportation
 y - a scroll of fog
Potions
 a - a potion of lignification
 b - 4 potions of cancellation
 c - a potion of ambrosia
 h - 4 potions of flight
 i - 4 potions of resistance
 s - 2 potions of curing
 w - a potion of magic


   Skills:
 + Level 11.1 Fighting
 * Level 8.6 Maces & Flails
 - Level 2.1 Dodging
 + Level 10.0 Shields
 - Level 3.2 Unarmed Combat
 - Level 1.3 Spellcasting
 - Level 1.5 Transmutations


You had 11 spell levels left.
You didn't know any spells.
Your spell library contained the following spells:

 Spells                   Type           Power        Failure   Level
 Animate Skeleton         Necr           0%           100%        1
 Apportation              Tloc           0%           100%        1
 Beastly Appendage        Tmut           6%           100%        1
 Corona                   Hex            0%           100%        1
 Summon Small Mammal      Summ           0%           100%        1
 Wereblood                Tmut           3%           100%        2
 Spider Form              Tmut/Pois      1%           100%        3
 Ice Form                 Ice/Tmut       2%           100%        4
 Blade Hands              Tmut           1%           100%        5


Dungeon Overview and Level Annotations

Branches:
Dungeon (9/15)             Temple (1/1) D:5
   Lair: D:8-11         Orc: D:9-12

Altars:
Ashenzari
Cheibriados
Dithmenos
Elyvilon
Fedhas
Gozag
Hepliaklqana
Kikubaaqudgha
Makhleb
Nemelex Xobeh
Okawaru
Qazlal
Ru
Trog
Uskayaw
Vehumet
Wu Jian
Xom
Yredelemnul
The Shining One

Shops:
D:5 :

Annotations:
D:6 3 runed translucent doors, kae's ghost, novice TeMo


Innate Abilities, Weirdness & Mutations

You reflexively headbutt those who attack you in melee.
You have a pair of horns on your head.


Message History

A two-headed ogre comes into view.
It is wielding two +0 giant spiked clubs.
You feel sick.
The two-headed ogre shouts in stereo!
Things that are here:
25 gold pieces; a +0 whip; 3 stones You feel sick.
You feel sick.
You feel sick.
You feel sick.
You feel sick.
You feel sick.
You feel sick.
You feel sick.
There is a stone staircase leading up here.
You feel sick.
You are no longer poisoned.
You climb upwards.
There is a stone staircase leading down here.
You start resting.
You climb downwards.
You block the two-headed ogre's attack.
The two-headed ogre hits you with a +0 giant spiked club!!
There is a stone staircase leading up, spattered with blood here.
You hit the two-headed ogre.
Your weapon exudes an aura of protection.
You block the two-headed ogre's attack.
The two-headed ogre hits you with a +0 giant spiked club!
You sock the two-headed ogre!
You headbutt the two-headed ogre, but do no damage.
The two-headed ogre hits you with a +0 giant spiked club.
The two-headed ogre hits you with a +0 giant spiked club!!
* * * LOW HITPOINT WARNING * * *
You sock the two-headed ogre!
Your headbutt misses the two-headed ogre.
The two-headed ogre hits you with a +0 giant spiked club!
* * * LOW HITPOINT WARNING * * *
You block the two-headed ogre's attack.
Okay, then.
You hit the two-headed ogre.
The two-headed ogre hits you with a +0 giant spiked club!
* * * LOW HITPOINT WARNING * * *
The two-headed ogre hits you but does no damage.
You hit the two-headed ogre.
The two-headed ogre hits you with a +0 giant spiked club.
* * * LOW HITPOINT WARNING * * *
You block the two-headed ogre's attack.
You hit the two-headed ogre. You headbutt the two-headed ogre!
You sock the two-headed ogre! You block the two-headed ogre's attack.
The two-headed ogre hits you with a +0 giant spiked club!
You die...
Your body crumbles into a pile of gold.

****,**,.........##.##.#
**,,,,,,*#####....##.##.#
**,8,,*...## ##...##.##.#
*,,,,**#...# ##..##....#
*,8,,*,#...######...####.#
#....+_#.................#
#.8..#,#...#####.....###.#
#....###...# #O#.#.# #.#
##.8..#....# #@#.#.# #.#
...........#####.#.#.# #.#
.#.....#...........#,* *.#
......##.......###.#,* *,*
#.........####.#,,.#,* *,*
#.##.###.## #.#,**#,* *,*
..###.#.## #.#,***,***,*
### *#.#* #..,,,,,,,,,*
#.# #.#****,,,,,*


You could see a two-headed ogre.

Vanquished Creatures
  A two-headed ogre (D:8)
  Prince Ribbit (D:5)
  Grum (D:8)
  Edmund (D:5)
  A water moccasin (D:7)
  Duvessa (D:4)
  An ice beast (D:6)
  2 sky beasts
  3 phantoms
  3 wolves (D:7)
  3 ogres
  A centaur (D:8)
  A bullfrog (D:7)
  Dowan (D:4)
  A wyvern zombie (D:8)
  11 killer bees
  2 howler monkeys
  3 hounds
  A quasit (D:6)
  A jelly (D:7)
  4 centaur skeletons
  3 orc wizards
  2 iguanas
  9 worker ants
  A hound zombie (D:6)
  Robin (D:2)
  A howler monkey skeleton (D:7)
  3 gnolls (D:6)
  9 adders
  A shadow imp (D:5)
  3 white imps
  3 ufetubi
  3 adder skeletons
  An adder zombie (D:4)
  5 worms (D:2)
  5 dart slugs
  4 leopard geckos
  22 orcs
  2 ball pythons (D:3)
  13 giant cockroaches
  11 goblins
  7 hobgoblins
  4 jackals (D:8)
  7 kobolds
  4 quokkas
  9 bats
  6 frilled lizards
  2 leopard gecko zombies
  11 rats
196 creatures vanquished.

Vanquished Creatures (others)
  6 plants (D:4)
6 creatures vanquished.

Grand Total: 202 creatures vanquished

Notes
Turn   | Place    | Note
-------+----------+-------------------------------------------
     0 | D:1      | vurker the Minotaur Transmuter began the quest for the Orb.
     0 | D:1      | Reached XP level 1. HP: 16/16 MP: 1/1
    61 | D:1      | Reached skill level 2 in Fighting
   271 | D:1      | Reached XP level 2. HP: 25/25 MP: 3/3
   431 | D:1      | Reached skill level 3 in Fighting
   904 | D:2      | Reached XP level 3. HP: 33/33 MP: 4/4
   918 | D:2      | Reached skill level 4 in Fighting
  1008 | D:2      | Noticed Robin
  1029 | D:2      | Killed Robin
  1323 | D:2      | Reached XP level 4. HP: 36/41 MP: 5/5
  1905 | D:2      | Reached skill level 5 in Fighting
  1926 | D:2      | Noticed a moth of wrath
  1929 | D:2      | Found a bloodstained altar of Trog.
  2326 | D:3      | Reached skill level 1 in Shields
  2415 | D:3      | Found a basalt altar of Yredelemnul.
  2416 | D:3      | Found a hide-covered altar of Uskayaw.
  2462 | D:3      | Reached XP level 5. HP: 35/48 MP: 6/6
  3585 | D:4      | Reached skill level 6 in Fighting
  3660 | D:4      | Reached XP level 6. HP: 39/58 MP: 7/7
  3978 | D:4      | Reached skill level 7 in Fighting
  4191 | D:4      | Noticed Dowan
  4192 | D:4      | Noticed Duvessa
  4217 | D:4      | Killed Duvessa
  4218 | D:4      | Reached skill level 5 in Shields
  4218 | D:4      | Reached XP level 7. HP: 54/66 MP: 8/8
  4225 | D:4      | Killed Dowan
  4665 | D:5      | Entered Level 5 of the Dungeon
  4669 | D:5      | Found Poaroth's Book Shoppe.
  4821 | D:5      | Reached skill level 8 in Fighting
  4838 | D:5      | Found a staircase to the Ecumenical Temple.
  4864 | Temple   | Entered the Ecumenical Temple
  5141 | Temple   | Became a worshipper of Gozag Ym Sagoz the Greedy
  5379 | D:5      | Noticed Prince Ribbit
  5402 | D:5      | Killed Prince Ribbit
  5403 | D:5      | Reached XP level 8. HP: 15/75 MP: 9/9
  5855 | D:5      | Found a bloodstained altar of Trog.
  6092 | D:5      | Reached skill level 9 in Fighting
  6231 | D:5      | Found a white marble altar of Elyvilon.
  6317 | D:5      | Noticed Edmund
  6339 | D:5      | Killed Edmund
  6395 | D:5      | Found a shimmering altar of Xom.
  6396 | D:5      | Found a sacrificial altar of Ru.
  6735 | D:6      | Reached skill level 1 in Maces & Flails
  6905 | D:6      | Found a runed translucent gate.
  6905 | D:6      | Found a runed translucent gate.
  6907 | D:6      | Found a runed translucent gate.
  6980 | D:6      | Noticed kae's ghost (novice TeMo)
  7554 | D:7      | Reached skill level 10 in Fighting
  7573 | D:7      | Reached XP level 9. HP: 25/85 MP: 10/10
  8094 | D:7      | Reached skill level 5 in Maces & Flails
  8990 | D:8      | Noticed a two-headed ogre
  9007 | D:8      | Killed a two-headed ogre
  9459 | D:8      | Noticed Grum
  9796 | D:7      | Reached skill level 11 in Fighting
  9835 | D:8      | Killed Grum
 10247 | D:9      | Reached XP level 10. HP: 81/95 MP: 11/11
 10340 | D:9      | Reached skill level 10 in Shields
 10344 | D:9      | Noticed a two-headed ogre
 10587 | D:9      | Slain by a two-headed ogre

Illustrated notes

Levels and vault maps discovered:
D:1:      lightli_iron_boxes, layout_loops_cross
D:2:      layout_loops_ring, tgw_trog, uniq_robin
D:3:      layout_basic, gammafunk_temple_overflow_statue
D:4:      minmay_skewed_foursquare, layout_loops_ring, gup_sewer_entry_pipe,
          chequers_serial_rivers_small_3, chequers_big_river, uniq_duvessa
D:5:      layout_loops_corners, marbit_many_paths,
          chequers_temple_overflow_statue_of_worship,
          minmay_temple_entry_statues_fountains, serial_shops,
          nicolae_shop_waterfront, basic_altar, uniq_prince_ribbit1, uniq_edmund
D:6:      layout_loops_cross, gammafunk_ghost_necromancy
D:7:      layout_rooms
D:8:      layout_gridville, uniq_grum
D:9:      minmay_cut_squares, layout_loops_ring, zin_statuary,
          lemuel_crystal_altar, nrook_loot_triangle
Temple:   dpeg_chambers_temple

Skill      XL: |  1  2  3  4  5  6  7  8  9 10 |
---------------+-------------------------------+-----
Fighting       | 2 3 4 5 6 7 8 10 11 | 11.1
Shields        | 1 3 5 6 8 9 10 | 10.0
Maces & Flails | 4 8 |  8.6
Dodging        | |  2.1
Unarmed Combat | |  3.2
Spellcasting   | |  1.3
Transmutations | |  1.5

Action                   |  1- 3 |  4- 6 |  7- 9 | 10-12 || total
-------------------------+-------+-------+-------+-------++-------
Melee: Short sword       |     9 |   130 |       |       ||   139
       Unarmed           |     8 |       |       |       ||     8
       Hand axe          |    81 |    51 |       |       ||   132
       Headbutt          |    12 |    63 |    72 |     6 ||   153
       Long sword        |       |    89 |   156 |       ||   245
       Flail             |       |       |   359 |    34 ||   393
Throw: Dart              |       |       |     8 |       ||     8
  Use: Scroll            |     3 |     5 |    12 |       ||    20
       Potion            |       |       |     5 |       ||     5
 Stab: Distracted        |       |       |     1 |     1 ||     2
Armor: Scale mail        |    42 |     4 |       |       ||    46
       Plate armour      |       |   163 |   384 |    12 ||   559
Dodge: Dodged            |    61 |    11 |    53 |     1 ||   126
Block: Tower shield      |       |   172 |   532 |    30 ||   734
       Rpst.: Long sword |       |     1 |     3 |       ||     4

Table legend: (Time is in decaauts)
 A = Elapsed time spent in this place.
 B = Non-inter-level travel time spent in this place.
 C = Inter-level travel time spent in this place.
 D = Time resting spent in this place.
 E = Time spent auto-exploring this place.
 F = Levels seen in this place.
 G = Mean time per level.
                   A        B        C        D        E       F      G
               +--------+--------+--------+--------+--------+-----+--------+
         Total |  10885 |  10487 |    398 |   1206 |   7142 |  10 | 1088.5 |
       Dungeon |  10580 |  10208 |    372 |   1206 |   6876 |   9 | 1175.6 |
        Temple |    304 |    278 |     26 |      0 |    266 |   1 |  304.0 |
               +--------+--------+--------+--------+--------+-----+--------+

Top non-repeatable levels by time:
     D:5: 1692 daAuts
     D:2: 1478 daAuts
     D:6: 1468 daAuts
     D:3: 1259 daAuts
     D:4: 1199 daAuts
     D:7: 1199 daAuts
     D:8: 1114 daAuts
     D:1: 881 daAuts
  Temple: 304 daAuts
     D:9: 286 daAuts
